 Dungeon Crawl Stone Soup version 0.22.0 (webtiles) character file.

4810 KnightedAnt the Schismatic (level 10, -11/80 HPs)
             Began as a Formicid Abyssal Knight on Oct 30, 2018.
             Was an Elder of Lugonu.
             Mangled by a death yak (21 damage)
             ... on level 8 of the Dungeon.
             The game lasted 00:21:20 (8939 turns).

KnightedAnt the Schismatic (FoAK)                   Turns: 8939, Time: 00:21:21

Health: -11/80     AC: 16    Str: 21    XL:     10   Next: 76%
Magic:  25/25      EV: 10    Int: 11    God:    Lugonu [****..]
Gold:   444        SH:  0    Dex: 10    Spells: 9/9 levels left

rFire    . . .     SeeInvis +   a - +2 whip (elec)
rCold    x . .     Gourm    .   (no shield)
rNeg     . . .     Faith    .   z - +3 chain mail of Gozag's Esteem {rElec rPois rF- MP+9}
rPois    +         Spirit   .   (helmet unavailable)
rElec    +         Reflect  .   w - +0 cloak
rCorr    .         Harm     .   k - +0 pair of gloves
MR       +....                  (no boots)
Stlth    ..........             (no amulet)
HPRegen  0.23/turn              x - ring of fire
MPRegen  0.19/turn              (no ring)

@: no status effects
A: permanent stasis, dig shafts and tunnels, four strong arms, antennae 3
a: Dig, Shaft Self, Depart the Abyss, Bend Space, Banish, Corrupt, Renounce
Religion


You were on level 8 of the Dungeon.
You worshipped Lugonu.
Lugonu was greatly pleased with you.
You were not hungry.

You visited 1 branch of the dungeon, and saw 8 of its levels.
You visited the Abyss 1 time.

You collected 444 gold pieces.

Inventory:

Hand Weapons
 a - a +2 whip of electrocution (weapon)
 b - a +0 hunting sling
 r - a +3 mace
 G - a +1 battleaxe of flaming
 I - a +2 vampiric dagger
Missiles
 l - 306 stones (quivered)
 s - 35 sling bullets
Armour
 k - a +0 pair of gloves (worn)
 w - a +0 cloak (worn)
 z - the +3 chain mail of Gozag's Esteem (worn) {rElec rPois rF- MP+9}
   (You found it on level 4 of the Dungeon)

   It makes you vulnerable to fire.
   It insulates you from electricity.
   It protects you from poison.
   It affects your magic capacity (+9).
Jewellery
 x - a ring of fire (left hand)
Wands
 v - a wand of flame (32)
 A - a wand of digging (15)
 H - a wand of disintegration (21)
Scrolls
 f - 3 scrolls of amnesia
 g - a scroll of immolation
 h - 3 scrolls of enchant armour
 j - a scroll of acquirement {unknown}
 m - 7 scrolls of remove curse
 n - 2 scrolls of enchant weapon
 q - a scroll of fear {unknown}
 u - a scroll of magic mapping {unknown}
 y - 2 scrolls of identify
 B - a scroll of random uselessness {unknown}
 C - 2 scrolls of fog {unknown}
Potions
 d - 4 potions of curing
 e - 2 potions of agility {unknown}
 i - 2 potions of heal wounds {unknown}
 o - a potion of flight {unknown}
 p - a potion of brilliance {unknown}
 t - a potion of lignification {unknown}
 D - a potion of resistance {unknown}
 E - 2 potions of mutation {unknown}
 F - a potion of might {unknown}
Comestibles
 c - 11 rations
 J - 3 chunks of flesh


   Skills:
 + Level 8.1 Fighting
 + Level 7.0 Maces & Flails
 + Level 7.8 Armour
 + Level 6.1 Dodging
 + Level 8.4 Invocations


You had 9 spell levels left.
You didn't know any spells.
Your spell library contained the following spells:

 Spells                   Type           Power        Failure   Level  Hunger
 Throw Frost              Conj/Ice       #.....       98%         2    ###....
 Freeze                   Ice            #...         95%         1    ##.....
 Summon Ice Beast         Ice/Summ       #.......     100%        4    #####..
 Ozocubu's Armour         Chrm/Ice       #.......     100%        3    ####...
 Throw Icicle             Conj/Ice       #.......     100%        4    #####..


Dungeon Overview and Level Annotations

Branches:
Dungeon (8/15)             Temple (0/1) D:7
   Lair: D:8-11

Altars:
Cheibriados
Hepliaklqana
Kikubaaqudgha
Makhleb
Okawaru
Qazlal
Uskayaw
Xom


Innate Abilities, Weirdness & Mutations

You cannot be hasted, slowed, berserked, paralysed or teleported.
You can dig through walls and to a lower floor.
Your four strong arms can wield two-handed weapons with a shield.
You have a pair of large antennae on your head. (SInv)


Message History

The death yak gores you but does no damage.
You whack the death yak!
Lightning courses through the death yak!
The death yak is severely wounded.
You hit the death yak.
The death yak is severely wounded.
The death yak gores you!
You hit the death yak but do no damage.
The death yak is severely wounded.
The death yak gores you!!
* * * LOW HITPOINT WARNING * * *
You hit the death yak but do no damage.
The death yak is severely wounded.
The death yak gores you but does no damage.
You hit the death yak.
The death yak is severely wounded.
You hit the death yak.
The death yak is severely wounded.
The death yak gores you!!
You die...

### ##... .## #...
.... #.. ##..#
..... #...
{#...####...... #..
##.....†r......
#...#..†.{.Y.......
#..#..##{###......
## #.....###Y#
...... .#
####..##@## .....
.# #.##### ..... .#
#.# .... .# #.#
.... .# #.# .#
##.## .## ##...####
..########..#......
...................


You could see a death yak.

Vanquished Creatures
  Pikel (D:5)
  Grinder (D:5)
  2 hippogriffs (D:7)
  Prince Ribbit (D:6)
  Sigmund (D:3)
  A shadow (D:8)
  Menkaure (D:4)
  Duvessa (D:5)
  3 orc warriors
  A porcupine (D:8)
  A slave (D:5)
  A black bear (D:6)
  An ice beast (D:6)
  2 ogres (D:4)
  A centaur (D:6)
  3 bullfrogs
  Dowan (D:5)
  A water moccasin zombie (D:6)
  3 scorpions (D:5)
  6 crimson imps
  3 bullfrog zombies
  A quasit (D:6)
  2 jellies
  5 orc priests
  3 hounds
  A bullfrog skeleton (D:6)
  Crazy Yiuf (D:3)
  11 orc wizards
  3 iguanas
  2 hell rats (D:8)
  5 worker ants
  Robin (D:2)
  16 adders
  2 oozes (D:1)
  2 adder skeletons (D:6)
  4 worms
  2 dart slugs (D:1)
  2 leopard geckos (D:4)
  22 orcs
  6 giant cockroaches
  8 goblins
  5 hobgoblins
  8 jackals
  11 kobolds
  2 quokkas
  2 ball pythons
  9 bats
  6 frilled lizards
  A quokka skeleton (D:4)
  9 rats
188 creatures vanquished.

Vanquished Creatures (others)
  A two-headed ogre (D:8)
  2 fungi (D:5)
  A plant (D:5)
4 creatures vanquished.

Grand Total: 192 creatures vanquished

Notes
Turn   | Place    | Note
-------+----------+-------------------------------------------
     0 | Abyss:1  | KnightedAnt the Formicid Abyssal Knight began the quest for the Orb.
     0 | Abyss:1  | Reached XP level 1. HP: 18/18 MP: 2/2
    76 | Abyss:2  | Noticed a large abomination
   136 | Abyss:3  | Found a corrupted altar of Lugonu.
   141 | Abyss:3  | Noticed a wretched star
   145 | Abyss:3  | Noticed a small abomination
   147 | D:1      | Escaped the Abyss
   177 | D:1      | Reached skill level 1 in Dodging
   268 | D:1      | Reached XP level 2. HP: 24/24 MP: 3/3
   430 | D:1      | Reached XP level 3. HP: 17/29 MP: 4/4
   875 | D:2      | Reached * piety under Lugonu
  1085 | D:2      | Reached XP level 4. HP: 10/37 MP: 6/6
  1494 | D:2      | Noticed Robin
  1518 | D:2      | Killed Robin
  1543 | D:2      | Reached XP level 5. HP: 31/42 MP: 7/7
  1761 | D:2      | Reached ** piety under Lugonu
  2305 | D:3      | Found a glowing drain.
  2305 | D:3      | Noticed an ice beast
  2465 | D:3      | Reached XP level 6. HP: 43/48 MP: 8/8
  2525 | D:3      | Noticed Sigmund
  3326 | D:3      | Found a runed door.
  3448 | D:3      | Killed Sigmund
  3448 | D:3      | Reached XP level 7. HP: 8/55 MP: 8/10
  3775 | D:3      | Found a shimmering altar of Xom.
  3775 | D:3      | Found a burning altar of Makhleb.
  3917 | D:3      | Noticed Crazy Yiuf
  3923 | D:3      | Killed Crazy Yiuf
  3975 | D:4      | Noticed Menkaure
  4062 | D:4      | Killed Menkaure
  4062 | D:4      | Reached skill level 5 in Fighting
  4396 | D:4      | Found a hide-covered altar of Uskayaw.
  4451 | D:4      | Reached XP level 8. HP: 40/62 MP: 11/11
  4604 | D:4      | Got a smoking chain mail
  4657 | D:4      | Identified the +3 chain mail of Gozag's Esteem {rElec rPois rF- MP+9} (You found it on level 4 of the Dungeon)
  4666 | D:4      | Reached skill level 5 in Invocations
  4667 | D:4      | Found a snail-covered altar of Cheibriados.
  4672 | D:4      | Found a stormy altar of Qazlal.
  4794 | D:4      | Reached *** piety under Lugonu
  5000 | D:5      | Entered Level 5 of the Dungeon
  5018 | D:5      | Found an ancient bone altar of Kikubaaqudgha.
  5433 | D:5      | Noticed Pikel
  5467 | D:5      | Killed Pikel
  5467 | D:5      | Reached skill level 5 in Maces & Flails
  5467 | D:5      | Reached skill level 5 in Armour
  5467 | D:5      | Reached XP level 9. HP: 51/69 MP: 13/13
  5604 | D:5      | Noticed Duvessa
  5617 | D:5      | Killed Duvessa
  5632 | D:5      | Noticed Dowan
  5654 | D:5      | Killed Dowan
  5963 | D:5      | Noticed Grinder
  5970 | D:5      | Killed Grinder
  5972 | D:5      | Found an iron altar of Okawaru.
  6292 | D:6      | Reached skill level 5 in Dodging
  6300 | D:6      | Noticed Prince Ribbit
  6320 | D:6      | Killed Prince Ribbit
  6419 | D:6      | Reached **** piety under Lugonu
  6534 | D:6      | Reached XP level 10. HP: 41/79 MP: 15/15
  7499 | D:7      | Found a staircase to the Ecumenical Temple.
  7601 | D:7      | Found a hazy altar of Hepliaklqana.
  7687 | D:7      | Found a hazy altar of Hepliaklqana.
  8825 | D:8      | Noticed a two-headed ogre
  8830 | D:8      | Banished a two-headed ogre
  8909 | D:8      | Noticed a death yak
  8939 | D:8      | Mangled by a death yak

Skill      XL: |  1  2  3  4  5  6  7  8  9 10 |
---------------+-------------------------------+-----
Dodging        | 1 2 3 4 5 6 |  6.1
Invocations    | 3 4 6 7 8 |  8.4
Armour         | 3 4 5 6 7 |  7.8
Fighting       | 4 5 6 7 8 |  8.1
Maces & Flails | 3 4 5 6 7 |  7.0

Action                   |  1- 3 |  4- 6 |  7- 9 | 10-12 || total
-------------------------+-------+-------+-------+-------++-------
Melee: Mace              |    70 |   136 |   180 |       ||   386
       Whip              |       |       |   141 |   260 ||   401
Invok: Depart the Abyss  |     1 |       |       |       ||     1
       Banish            |       |       |       |     1 ||     1
 Abil: Dig               |       |     6 |     8 |     4 ||    18
  Use: Potion            |     1 |       |     1 |       ||     2
       Scroll            |       |       |       |     7 ||     7
  Eat: Chunk             |       |     6 |     7 |     9 ||    22
       Ration            |       |     1 |     1 |       ||     2
Armor: Leather armour    |    18 |    40 |    40 |       ||    98
       Chain mail        |       |       |   104 |   135 ||   239
Dodge: Dodged            |    41 |   127 |   170 |   110 ||   448
